 Dungeon Crawl Stone Soup version 0.13.1-27-ga479965 (webtiles) character file.

93 Chiseanne the Scratcher (level 3, 0/15 HPs)
             Began as a Felid Wanderer on Feb 17, 2014.
             Succumbed to an adder's poison
             ... on Level 2 of the Dungeon.
             The game lasted 00:04:40 (1069 turns).

Chiseanne the Scratcher (Felid Wanderer)            Turns: 1069, Time: 00:04:40

HP   0/15        AC  1     Str  9      XL: 3   Next: 37%
MP   1/8         EV 15     Int 15      God:
Gold 50          SH  0     Dex 13      Spells:  3 memorised,  3 levels left
Lives: 0, deaths: 0

Res.Fire  : . . .   See Invis. : +     - Unarmed
Res.Cold  : . . .   Warding    : .   (armour unavailable)
Life Prot.: . . .   Conserve   : .   (shield unavailable)
Res.Poison: .       Res.Corr.  : .   (helmet unavailable)
Res.Elec. : .       Clarity    : .   (cloak unavailable)
Sust.Abil.: . .     Spirit.Shd : .   (gloves unavailable)
Res.Mut.  : .       Stasis     : .   (boots unavailable)
Res.Rott. : .       Flight     : .   (no amulet)
Saprovore : . . .                    (no ring)
                                     (no ring)

@: mildly poisoned, very slightly contaminated, quick, slightly resistant to
hostile enchantments, stealthy
A: paw claws, no armour, no advanced items, fangs 3, see invisible, carnivore 3,
speed 1, slow metabolism 1, AC +1
a: no special abilities


You were on level 2 of the Dungeon.
You were very full.

You visited 1 branch of the dungeon, and saw 2 of its levels.

Inventory:

Comestibles
 d - a meat ration
Scrolls
 b - a scroll of magic mapping {unknown}
 c - a scroll of amnesia {unknown}
 e - a scroll of curse weapon {unknown}
 f - a scroll of fear {unknown}
 g - a scroll of curse armour {unknown}
 h - a scroll of teleportation
 i - a scroll of remove curse {unknown}
 j - a scroll of enchant weapon I {unknown}
Books
 a - a Young Poisoner's Handbook

   Spells                             Type                      Level
   *Sting                             Conjuration/Poison           1
   *Cure Poison                       Poison                       2
   Mephitic Cloud                     Conjuration/Poison/Air       3
   Olgreb's Toxic Radiance            Poison                       4
   Venom Bolt                         Conjuration/Poison           5


   Skills:
 - Level 2.6 Stealth
 - Level 3.0 Unarmed Combat
 + Level 2.6 Spellcasting
 + Level 1.1 Conjurations
   Level 1.0 Fire Magic
 - Level 2.6 Poison Magic


You had 3 spell levels left.
You knew the following spells:

 Your Spells              Type           Power        Failure   Level  Hunger
a - Magic Dart            Conj           #...         14%         1    #......
b - Sting                 Conj/Pois      #...         12%         1    #......
c - Cure Poison           Pois           ##........   12%         2    ##.....


Dungeon Overview and Level Annotations

Branches:
Dungeon (2/27)

Altars:
the Shining One


Innate Abilities, Weirdness & Mutations

You cannot wear armour.
You are incapable of any advanced item manipulation.
Your paws have sharp claws.
You have razor-sharp teeth.
You have supernaturally acute eyesight.
You are carnivorous and can eat meat at any time.
You cover ground quickly.
You are covered in fur (AC +1).
You have a slow metabolism.


Message History

* * * LOW HITPOINT WARNING * * *
You aren't carrying any potions.
You scratch the adder.
The adder begins to bleed from its wounds!
The adder is heavily wounded.
The adder looks more healthy.
The bat closely misses you. The bat hits you.
* * * LOW HITPOINT WARNING * * *
The adder bites you.
* * * LOW HITPOINT WARNING * * *
You scratch the adder. You bite the adder.
You kill the adder!
The bat misses you.
Casting: Sting
Confirm with . or Enter, or press ? or * to list all spells.
You don't have enough magic to cast that spell.
You scratch the bat.
You kill the bat!
* * * LOW HITPOINT WARNING * * *
You feel sick.
You die...

##+######
#.......#
#.......#
+.......#
#.......#
#....?..#
#...<...+
#..?...<#
#..@....#
######+##


There were no monsters in sight!

Vanquished Creatures
  An adder (D:2)
  A worm (D:1)
  A giant mite (D:2)
  A giant gecko (D:1)
  A ball python (D:1)
  A giant cockroach (D:1)
  5 goblins (D:1)
  4 hobgoblins (D:1)
  2 bats
  2 giant newts (D:1)
  3 rats (D:1)
22 creatures vanquished.

Notes
Turn   | Place    | Note
--------------------------------------------------------------
     0 | D:1      | Chiseanne, the Felid Wanderer, began the quest for the Orb.
     0 | D:1      | Reached XP level 1. HP: 8/8 MP: 3/3
     3 | D:1      | Learned a level 1 spell: Sting
   314 | D:1      | Reached XP level 2. HP: 12/12 MP: 1/4
   373 | D:1      | Learned a level 2 spell: Cure Poison
   702 | D:1      | Found a glowing golden altar of the Shining One.
  1057 | D:2      | Reached skill level 1 in Conjurations
  1057 | D:2      | Reached XP level 3. HP: 13/15 MP: 4/7
  1069 | D:2      | Succumbed to an adder's poison

Action                   || total
-------------------------++-------
Melee: Unarmed           ||    12
 Cast: Sting             ||    36
 Stab: Sleeping          ||     1
